 Dungeon Crawl Stone Soup version 0.26.0-18-gc5c842f807 (webtiles) character file.

Game seed: 2769570587073306672

30 thiole the Sneak (level 3, -1/21 HPs)
             Began as an Octopode Hedge Wizard on Jan 23, 2021.
             Slain by a gnoll
             ... wielding a +2 vorpal spear
              (2 damage)
             ... on level 2 of the Dungeon.
             The game lasted 00:00:56 (1504 turns).

thiole the Sneak (Octopode Hedge Wizard)            Turns: 1504, Time: 00:00:56

Health: -1/21      AC:  1    Str:  9    XL:     3   Next: 18%
Magic:  1/7        EV: 13    Int: 17    God:
Gold:   48         SH:  0    Dex: 11    Spells: 7/8 levels left

rFire    . . .     SeeInvis .   a - +0 dagger
rCold    . . .     Faith    .   (no shield)
rNeg     . . .     Spirit   .   b - +0 hat
rPois    .         Reflect  .   (no amulet)
rElec    .         Harm     .   (no ring)
rCorr    .         Rampage  .   (no ring)
Will     .....                  (no ring)
Stlth    +++.......             (no ring)
HPRegen  0.07/turn              (no ring)
MPRegen  0.10/turn              (no ring)
                                (no ring)
                                (no ring)

@: no status effects
A: almost no armour, stealthy swim, amphibious, 8 rings, constrict 8, camouflage
1, gelatinous body 1
a: no special abilities


You were on level 2 of the Dungeon.
You visited 1 branch of the dungeon, and saw 2 of its levels.

You collected 48 gold pieces.

Inventory:

Hand Weapons
 a - a +0 dagger (weapon)
Armour
 b - a +0 hat (worn)
Scrolls
 d - a scroll of fog {unknown}
Potions
 c - a potion of resistance {unknown}
 e - 3 potions of heal wounds {unknown}
 f - a potion of ambrosia {unknown}


   Skills:
 - Level 2.0 Dodging
 + Level 3.2 Stealth
 + Level 3.1 Spellcasting
 * Level 1.8 Conjurations
 * Level 1.9 Summonings
 - Level 1.0 Translocations


You had 7 spell levels left.
You knew the following spells:

 Your Spells              Type           Power        Failure   Level
a - Magic Dart            Conj           32%          9%          1

Your spell library contained the following spells:

 Spells                   Type           Power        Failure   Level
 Call Imp                 Summ           9%           12%         2
 Blink                    Tloc           N/A          17%         2
 Slow                     Hex            2%           26%         2
 Conjure Flame            Conj/Fire      5%           34%         3
 Mephitic Cloud           Conj/Pois/Air  4%           38%         3


Dungeon Overview and Level Annotations

Branches:
Dungeon (2/15)

Altars:


Innate Abilities, Weirdness & Mutations

You cannot wear most types of armour.
You are very stealthy in the water. (Stealth+)
You are amphibious.
You can wear up to eight rings at the same time.
You can use your tentacles to constrict eight enemies at once.
Your skin changes colour to match your surroundings (Stealth+).
Your rubbery body absorbs attacks. (AC +1, EV +1)


Message History

The ball python moves out of view.
The magic dart hits the gnoll.
The gnoll is lightly wounded.
There is a stone staircase leading up here.
The magic dart hits the gnoll.
The gnoll is moderately wounded.
The gnoll hits you from afar with a +2 vorpal spear.
The gnoll hits you but does no damage.
There is a stone staircase leading down here.
You closely miss the gnoll. You grab the gnoll.
The gnoll is moderately wounded.
You constrict the gnoll, but do no damage.
The gnoll hits you with a +2 vorpal spear!
* * * LOW HITPOINT WARNING * * *
You hit the gnoll but do no damage. You squeeze the gnoll.
The gnoll is heavily wounded.
You constrict the gnoll.
The gnoll hits you with a +2 vorpal spear.
* * * LOW HITPOINT WARNING * * *
You die...

#.#.# ###...g##
.....g.'
####....#####
..#.#......#
##.#.#.####.#
...S. ###.##.#
####.#g#
#......#
#..#....#@#
#.#..###
#.........#
#.####
#.#..#<#.####.#
... #........#
# .#.#.#..###
.........#
..#.####.#
...........#
##..#.######


You could see a gnoll and a ball python.

Vanquished Creatures
  A gnoll (D:1)
  A dart slug (D:1)
  A leopard gecko (D:1)
  A ball python (D:1)
  2 bats (D:1)
  A giant cockroach (D:1)
  A goblin (D:1)
  2 hobgoblins (D:1)
  3 kobolds (D:1)
  A frilled lizard (D:1)
  3 rats (D:1)
17 creatures vanquished.

Notes
Turn   | Place    | Note
-------+----------+-------------------------------------------
     0 | D:1      | thiole the Octopode Hedge Wizard began the quest for the
                  | Orb.
     0 | D:1      | Reached XP level 1. HP: 11/11 MP: 4/4
   265 | D:1      | Reached XP level 2. HP: 17/17 MP: 0/6
   891 | D:1      | Reached XP level 3. HP: 13/21 MP: 0/7
  1504 | D:2      | HP: 1/21 [gnoll/+2 vorpal spear (5)]
  1504 | D:2      | Slain by a gnoll

Illustrated notes

Levels and vault maps discovered:
D:1:      psy_arrival_heroes, layout_basic
D:2:      minmay_general_purpose_star, layout_basic, uniq_terence

Skill      XL: |  1  2 |
---------------+-------+-----
Stealth        | 3 |  3.2
Dodging        | |  2.0
Spellcasting   | |  3.1
Conjurations   | |  1.8
Summonings     | |  1.9
Translocations | |  1.0

Action                   || total
-------------------------++-------
Melee: Dagger            ||    13
       Tentacles         ||     5
       Constrict         ||     4
 Cast: Magic Dart        ||    48
Armor: Skin              ||     3
Dodge: Dodged            ||     7
